Construct Infanterie Kompanie
Selects Mechanized Battlegroup
Selects Mechanized Battlegroup
Construct Panzergrenadier Kompanie
Selects Mobile Repair Stations
Nebelwerfer 42 Rocket Launcher Team
Panzergrenadier Officer Quarters
Nebelwerfer 42 Rocket Launcher Team
Selects Stoßtruppen Assault Package
Selects Mechanized Assault
Selects 8 Rad Armored Car
Construct Panzer Kompanie
Nebelwerfer 42 Rocket Launcher Team
Selects Panther Heavy Tank